 Dungeon Crawl Stone Soup version 0.30-a0-782-ge64f9170bb (webtiles) character file.

Game seed: 3952286148201568887

105 mopl the Trooper (level 4, 0/35 HPs)
             Began as a Mummy Fighter on Mar 3, 2023.
             Was a Believer of Wu Jian.
             Slain by a jackal (2 damage)
             ... on level 3 of the Dungeon.
             The game lasted 00:01:59 (1505 turns).

mopl the Trooper (Mummy Fighter)                    Turns: 1505, Time: 00:02:00

Health: 0/35       AC: 10    Str: 21    XL:     4   Next: 54%
Magic:  4/4        EV:  9    Int:  7    God:    Wu Jian [**....]
Gold:   54         SH:  4    Dex: 11    Spells: 3/3 levels left

rFire   x . .      SeeInvis .      - Unarmed
rCold   + . .      Faith    +    b - +0 buckler
rNeg    + + +      Spirit   .    a - +0 scale mail
rPois   ∞          Reflect  .    (no helmet)
rElec   .          Harm     .    (no cloak)
rCorr   .          Rampage  .    (no gloves)
Will    .....                    (no boots) Stlth
                                 e - amulet of magic regeneration
HPRegen 0.25/turn                h - +4 ring of protection
MPRegen 0.49/turn                (no ring)

@: no status effects
A: cold resistance 1, negative energy resistance 3, torment resistance 2, heat
vulnerability 1, in touch with death 1, no potions, faith
a: Renounce Religion, Wall Jump


You were on level 3 of the Dungeon.
You worshipped Wu Jian.
Wu Jian was pleased with you.
You visited 1 branch of the dungeon, and saw 3 of its levels.

You collected 54 gold pieces.

Inventory:

Missiles
 i - 13 poisoned darts (quivered)
 k - 6 curare-tipped darts
Armour
 a - a +0 scale mail (worn)
 b - a +0 buckler (worn)
Jewellery
 e - an amulet of magic regeneration (around neck)
 h - a +4 ring of protection (left hand)
Scrolls
 c - a scroll of magic mapping {unknown}
 d - a scroll of amnesia {unknown}
 f - 2 scrolls of fear {unknown}
 g - 2 scrolls of poison {unknown}
 j - a scroll of vulnerability {unknown}
 l - a scroll of teleportation {unknown}


   Skills:
 + Level 3.5 Fighting
 + Level 0.2 Throwing
 + Level 2.9 Armour
 + Level 1.2 Dodging
 + Level 2.5 Shields
 * Level 2.7 Unarmed Combat


You had 3 spell levels left.
You didn't know any spells.
Your spell library contained the following spells:

 Spells                   Type           Power      Damage    Failure   Level
 Call Canine Familiar     Summ           0%         N/A       99%         3
 Portal Projectile        Hex/Tloc       0%         N/A       99%         3
 Leda's Liquefaction      Hex/Erth       0%         N/A       100%        4


Dungeon Overview and Level Annotations

Branches:
Dungeon (3/15)

Altars:
Wu Jian


Innate Abilities, Weirdness & Mutations

You are immune to poison.
Your flesh is cold resistant. (rC+)
You are immune to negative energy. (rN+++)
You are immune to unholy pain and torment.
You are vulnerable to heat. (rF-)
You are in touch with the powers of death.
You do not drink.
You have a special connection with the divine. (Faith)


Message History

The gnoll hits you from afar with a +0 spear.
You hit the jackal.
You kill the jackal!
The Council accepts your kill. The jackal barely misses you.
The gnoll hits you but does no damage. The gnoll closely misses you.
You hit the gnoll.
The gnoll is heavily wounded.
You block the jackal's attack. The jackal barely misses you.
The gnoll hits you from afar with a +0 spear.
The jackal bites you but does no damage.
The gnoll hits you but does no damage. You block the gnoll's attack.
You hit the gnoll.
The gnoll is severely wounded.
The jackal barely misses you. x2; You block the gnoll's attack.
The gnoll misses you.
The gnoll hits you from afar with a +0 spear.
The jackal bites you but does no damage.
You hit the gnoll.
You kill the gnoll!
The Council accepts your kill. The jackal closely misses you.
The jackal barely misses you. The gnoll barely misses you.
The gnoll hits you with a +0 whip. The jackal bites you.
* * * LOW HITPOINT WARNING * * *
The jackal bites you.
* * * LOW HITPOINT WARNING * * *
You are too injured to fight recklessly!
You are too injured to fight recklessly!
You are too injured to fight recklessly!
You are too injured to fight recklessly!
You are too injured to fight recklessly!
You are too injured to fight recklessly!
You are too injured to fight recklessly!
You are too injured to fight recklessly!
You spin and attack the gnoll.
You closely miss the gnoll. The gnoll hits you with a +0 flail.
* * * LOW HITPOINT WARNING * * *
The jackal bites you.
You die...

#..<............########..#
##.............##..### ##.#
##...........###)...# ##.#
###...##.#### #.##.###..#
#.####..# #.##..##(## ...
###.#####.###.##.#
..##.........# #.##.#
..#.....r...# #..#.#
#.#.....h@..# ##.#.#
#.....).h...# #...#
###....hgg..# ##..#
#...S)g...# #..#
#.....r...# #..#
#.........# ...#
............. ...[.
###.._..####..≈≈≈≈...
.....................


You could see 3 gnolls, a quokka, 3 jackals, a ball python and a rat.

Vanquished Creatures
  3 adders (D:2)
  A gnoll (D:3)
  A worm (D:3)
  A dart slug (D:2)
  An orc (D:3)
  5 ball pythons
  4 bats
  6 endoplasms
  7 giant cockroaches
  8 goblins
  3 hobgoblins
  5 jackals (D:3)
  3 kobolds
  2 quokkas
  2 frilled lizards (D:2)
  2 rats
54 creatures vanquished.

Notes
Turn   | Place    | Note
-------+----------+-------------------------------------------
     0 | D:1      | mopl the Mummy Fighter began the quest for the Orb.
     0 | D:1      | Reached XP level 1. HP: 18/18 MP: 1/1
   196 | D:1      | Found a faded altar of an unknown god.
   202 | D:1      | Reached XP level 2. HP: 24/24 MP: 2/2
   230 | D:1      | Prayed at the altar of an unknown god.
   230 | D:1      | Became a worshipper of the Wu Jian Council
   230 | D:1      | Reached * piety under Wu Jian
   251 | D:1      | Reached skill level 2 in Unarmed Combat
   292 | D:1      | You fall into a shaft and drop 1 floor!
   339 | D:2      | Gained mutation: You are in touch with the powers of death.
                  | [Mummy growth]
   339 | D:2      | Reached XP level 3. HP: 23/29 MP: 3/3
   486 | D:2      | Reached ** piety under Wu Jian
   487 | D:2      | Reached skill level 1 in Dodging
   692 | D:2      | Reached XP level 4. HP: 35/35 MP: 4/4
  1505 | D:3      | Slain by a jackal

Illustrated notes

Levels and vault maps discovered:
D:1:      dpeg_arrival_triangle_fractal, layout_basic,
          dreamdust_ecumenical_altar_statues, minmay_misc_feat_encased
D:2:      layout_basic
D:3:      layout_rooms, mainiacjoe_overflow_boulevard, kennysheep_generic_room_7

Skill      XL: |  1  2  3 |
---------------+----------+-----
Unarmed Combat | 2 |  2.7
Dodging        | 1 |  1.2
Fighting       | |  3.5
Throwing       | |  0.2
Armour         | |  2.9
Shields        | |  2.5

Action                     |  1- 3 |  4- 6 || total
---------------------------+-------+-------++-------
  Melee: Unarmed           |   151 |   130 ||   281
Ability: Lunge             |     5 |     6 ||    11
         Whirlwind         |       |     1 ||     1
 Armour: Scale mail        |    66 |    70 ||   136
  Dodge: Dodged            |    42 |    70 ||   112
  Block: Buckler           |    16 |    25 ||    41

Table legend: (Time is in decaauts)
 A = Elapsed time spent in this place.
 B = Non-inter-level travel time spent in this place.
 C = Inter-level travel time spent in this place.
 D = Time resting spent in this place.
 E = Time spent auto-exploring this place.
 F = Levels seen in this place.
 G = Mean time per level.
                   A        B        C        D        E       F      G
               +--------+--------+--------+--------+--------+-----+--------+
         Total |   1504 |   1432 |     72 |     34 |    966 |   3 |  501.3 |
       Dungeon |   1504 |   1432 |     72 |     34 |    966 |   3 |  501.3 |
               +--------+--------+--------+--------+--------+-----+--------+

Top non-repeatable levels by time:
     D:1: 748 daAuts
     D:2: 560 daAuts
     D:3: 195 daAuts
